 Dungeon Crawl Stone Soup version 0.30-a0-553-g7fabdf1491 (webtiles) character file.

Game seed: 17026704721741197524

177 experimilk the Conjurer (level 5, -2/38 HPs)
             Began as a Draconian Conjurer on Dec 27, 2022.
             Was an Initiate of Vehumet.
             Slain by a gnoll sergeant
             ... wielding a +0 spear
              (6 damage)
             ... on level 5 of the Dungeon.
             The game lasted 00:09:07 (4405 turns).

experimilk the Conjurer (Draconian Conjurer)        Turns: 4405, Time: 00:09:07

Health: -2/38      AC:  9    Str:  9    XL:     5   Next: 31%
Magic:  0/9        EV: 12    Int: 20    God:    Vehumet [......]
Gold:   112        SH:  0    Dex: 10    Spells: 7/10 levels left

rFire   . . .      SeeInvis .    t - +2 dagger (elec)
rCold   . . .      Faith    .    (no shield)
rNeg    . . .      Spirit   .    (body armour unavailable)
rPois   .          Reflect  .    (helmet restricted)
rElec   .          Harm     .    (no cloak)
rCorr   +          Rampage  .    q - +0 pair of gloves
Will    .....                    v - +2 pair of boots
Stlth   ++                       (no amulet)
HPRegen 0.26/turn                n - ring of resist corrosion
MPRegen 0.11/turn                (no ring)

@: no status effects
A: AC +5, unfitting armour, cold-blooded
a: Renounce Religion


You were on level 5 of the Dungeon.
You worshipped Vehumet.
Vehumet was noncommittal.
You visited 1 branch of the dungeon, and saw 5 of its levels.

You collected 112 gold pieces.

Inventory:

Hand Weapons
 i - a +0 short sword
 k - a +0 rapier
 t - a +2 dagger of electrocution (weapon)
Armour
 q - a +0 pair of gloves (worn)
 v - a +2 pair of boots (worn)
Magical Staves
 c - a staff of fire
Jewellery
 n - a ring of resist corrosion (left hand)
Scrolls
 b - a scroll of teleportation
 d - a scroll of brand weapon {unknown}
 e - a scroll of noise {unknown}
 f - a scroll of fog {unknown}
 j - a scroll of enchant weapon {unknown}
 o - a scroll of enchant armour {unknown}
 p - a scroll of immolation
 r - a scroll of magic mapping {unknown}
 u - a scroll of vulnerability {unknown}
Potions
 h - a potion of brilliance {unknown}
 l - a potion of lignification {unknown}
 m - 2 potions of degeneration {unknown}
 s - a potion of flight {unknown}


   Skills:
 - Level 1.7 Dodging
 - Level 1.7 Stealth
 - Level 3.0 Spellcasting
 * Level 6.1 Conjurations


You had 7 spell levels left.
You knew the following spells:

 Your Spells              Type           Power      Damage    Failure   Level
a - Magic Dart            Conj           100%       1d8       1%          1
z - Searing Ray           Conj           54%        2d6       1%          2

Your spell library contained the following spells:

 Spells                   Type           Power      Damage    Failure   Level
 Dazzling Flash           Conj/Hex       30%        N/A       12%         3
 Beastly Appendage        Tmut           6%         N/A       14%         1
 Wereblood                Tmut           3%         N/A       22%         2
 Fulminant Prism          Conj/Hex       7%         3d6       36%         4
 Iskenderun's Mystic Bla  Conj/Tloc      15%        2d5       36%         4
 Call Canine Familiar     Summ           3%         N/A       38%         3
 Frozen Ramparts          Ice            6%         1d1       38%         3
 Portal Projectile        Hex/Tloc       6%         N/A       38%         3
 Spider Form              Tmut/Pois      3%         N/A       38%         3
 Ice Form                 Ice/Tmut       3%         N/A       80%         4
 Leda's Liquefaction      Hex/Erth       1%         N/A       80%         4
 Summon Ice Beast         Ice/Summ       3%         N/A       80%         4


Dungeon Overview and Level Annotations

Branches:
Dungeon (5/15)
 Temple: D:4-7

Altars:
Gozag
Vehumet

Annotations:
D:4 2 transporters, lotum's ghost, amateur TeFi


Innate Abilities, Weirdness & Mutations

Your plain brown scales are hard. (AC +5)
You cannot fit into any form of body armour.
You are cold-blooded and may be slowed by cold attacks.


Message History

Confirm with . or Enter, or press ? or * to list all spells.
Aiming: Searing Ray (safe; 1% risk of failure)
Press: ? - help, Shift-Dir - straight line, f/p - gnoll sergeant
Aim: a gnoll sergeant, wielding a +0 spear, wearing a +0 scale mail and wearing a +0 kite shield (heavily wounded, 87% to hit)
The searing ray hits the gnoll sergeant!
The gnoll sergeant is severely wounded. (Press . to maintain the ray.)
The gnoll sergeant hits you from afar with a +0 spear.
The searing ray hits the gnoll sergeant but does no damage.
The gnoll sergeant is severely wounded.
The gnoll sergeant hits you from afar with a +0 spear!
The searing ray hits the gnoll sergeant.
The gnoll sergeant is severely wounded.
The gnoll sergeant hits you from afar with a +0 spear!
* * * LOW HITPOINT WARNING * * *
The searing ray hits the gnoll sergeant.
The gnoll sergeant is almost dead.
You finish channelling your searing ray.
The gnoll sergeant barely misses you.
Casting: Searing Ray (safe; 1% risk of failure)
Confirm with . or Enter, or press ? or * to list all spells.
Aiming: Searing Ray (safe; 1% risk of failure)
Press: ? - help, Shift-Dir - straight line, f/p - gnoll sergeant
Aim: a gnoll sergeant, wielding a +0 spear, wearing a +0 scale mail and wearing a +0 kite shield (almost dead, 87% to hit)
The searing ray hits the gnoll sergeant but does no damage.
The gnoll sergeant is almost dead. (Press . to maintain the ray.)
The gnoll sergeant misses you.
The searing ray misses the gnoll sergeant.
The gnoll sergeant hits you from afar with a +0 spear.
* * * LOW HITPOINT WARNING * * *
The searing ray hits the gnoll sergeant.
The gnoll sergeant is almost dead.
The gnoll sergeant barely misses you.
The searing ray hits the gnoll sergeant but does no damage.
The gnoll sergeant is almost dead.
You finish channelling your searing ray.
The gnoll sergeant closely misses you.
The gnoll sergeant hits you from afar with a +0 spear.
You die...

# #
###.###.###
##...#⌠#...#
#..###.###.##
..#⌠...⌠#..
###.....###
#⌠.$.@.g.⌠#
###.....###
..#⌠...⌠#..
#..###.###....
#....#⌠#...#..
##...###.### .
... # ...$


You could see a gnoll sergeant.

Vanquished Creatures
  2 hounds
  5 adders
  An ufetubus (D:5)
  A dart slug (D:1)
  4 bats
  5 endoplasms
  2 giant cockroaches
  5 goblins
  5 hobgoblins
  11 jackals
  4 quokkas
  5 ball pythons
  3 frilled lizards
  4 kobolds
  5 rats
62 creatures vanquished.

Notes
Turn   | Place    | Note
-------+----------+-------------------------------------------
     0 | D:1      | experimilk the Draconian Conjurer began the quest for the
                  | Orb.
     0 | D:1      | Reached XP level 1. HP: 14/14 MP: 3/3
   180 | D:1      | Reached XP level 2. HP: 13/20 MP: 0/5
   214 | D:1      | Learned a level 2 spell: Searing Ray
   728 | D:1      | Found a faded altar of an unknown god.
  1073 | D:2      | Reached XP level 3. HP: 26/26 MP: 3/6
  1204 | D:2      | Reached skill level 5 in Conjurations
  1646 | D:2      | Reached XP level 4. HP: 33/33 MP: 5/8
  3294 | D:4      | Found an opulent altar of Gozag.
  3303 | D:4      | Reached skill level 6 in Conjurations
  3303 | D:4      | Reached XP level 5. HP: 38/38 MP: 2/9
  3399 | D:4      | Found a radiant altar of Vehumet.
  3443 | D:4      | Became a worshipper of Vehumet
  3863 | D:4      | Noticed lotum's ghost (amateur TeFi)
  3873 | D:4      | Found a transporter.
  3877 | D:4      | Found a transporter.
  4389 | D:5      | Entered Level 5 of the Dungeon
  4405 | D:5      | Slain by a gnoll sergeant

Illustrated notes

Levels and vault maps discovered:
D:1:      wheals_arrival_shading, layout_loops_cross,
          ebering_ecumenical_altar_sacrificial, hangedman_decor_clover_reticule
D:2:      layout_basic
D:3:      layout_rooms, nicolae_hexahallways
D:4:      layout_layer_cave, mainiacjoe_overflow_paths, grunt_gozag_statues,
          gammafunk_ghost_arena, hangedman_decor_riveting, minivault_26
D:5:      layout_basic, led_sif_pool, old_standard_altar, st_stairs_4,
          nicolae_fountain_basement

Skill      XL: |  1  2  3  4 |
---------------+-------------+-----
Conjurations   | 5 6 |  6.1
Spellcasting   | 3 |  3.0
Dodging        | |  1.7
Stealth        | |  1.7

Action                   |  1- 3 |  4- 6 || total
-------------------------+-------+-------++-------
Melee: Dagger            |    30 |       ||    30
       Tailslap          |     9 |     1 ||    10
       Short sword       |    29 |     9 ||    38
 Cast: Magic Dart        |    50 |    45 ||    95
       Searing Ray       |     6 |    11 ||    17
  Use: Scroll            |       |     2 ||     2
       Potion            |       |     1 ||     1
Armor: Skin              |    30 |     7 ||    37
Dodge: Dodged            |    63 |    13 ||    76

Table legend: (Time is in decaauts)
 A = Elapsed time spent in this place.
 B = Non-inter-level travel time spent in this place.
 C = Inter-level travel time spent in this place.
 D = Time resting spent in this place.
 E = Time spent auto-exploring this place.
 F = Levels seen in this place.
 G = Mean time per level.
                   A        B        C        D        E       F      G
               +--------+--------+--------+--------+--------+-----+--------+
         Total |   4403 |   4246 |    157 |    313 |   3518 |   5 |  880.6 |
       Dungeon |   4403 |   4246 |    157 |    313 |   3518 |   5 |  880.6 |
               +--------+--------+--------+--------+--------+-----+--------+

Top non-repeatable levels by time:
     D:2: 1155 daAuts
     D:4: 1130 daAuts
     D:1: 1124 daAuts
     D:3: 976 daAuts
     D:5: 15 daAuts
